 Dungeon Crawl Stone Soup version 0.25-a0-425-g0e000e855e (webtiles) character file.

Game seed: 12101207354062211899, levelgen mode: deterministic

27780 Roikka the Basher (level 13, 0/111 HPs)
             Began as a Centaur Gladiator on Jan 24, 2020.
             Was the Champion of the Shining One.
             Slain by a swamp worm (11 damage)
             ... on level 3 of the Lair of Beasts.
             The game lasted 00:54:16 (18602 turns).

Roikka the Basher (Centaur Gladiator)              Turns: 18602, Time: 00:54:17

Health: 0/111      AC: 18    Str: 25    XL:     13   Next: 6%
Magic:  17/17      EV:  7    Int:  7    God:    the Shining One [******]
Gold:   880        SH:  9    Dex: 17    Spells: 12/12 levels left

rFire    . . .     SeeInvis .   a - +1 morningstar (freeze)
rCold    + . .     Gourm    .   h - +2 buckler {AC+3}
rNeg     + + +     Faith    .   x - +0 chain mail
rPois    .         Spirit   .   t - +2 helmet
rElec    +         Reflect  +   K - scarf {repulsion}
rCorr    .         Harm     .   T - +1 pair of gloves "Joehiyg" {rElec MR- Str+4 Stlth+}
MR       .....                  (no barding)
Stlth    ..........             u - +2 amulet of reflection
HPRegen  0.28/turn              g - ring of protection from cold
MPRegen  0.15/turn              S - +5 ring of dexterity

@: glowing, studying Hexes, repel missiles, very quick
A: large, hooves 3, deformed body, speed 2, tough skin 3
a: Divine Shield, Cleansing Flame, Summon Divine Warrior, Brand Weapon With Holy
Wrath, Renounce Religion


You were on level 3 of the Lair of Beasts.
You worshipped the Shining One.
The Shining One was exalted by your worship.
You were very hungry.

You visited 3 branches of the dungeon, and saw 15 of its levels.
You also visited: Ossuary.

You collected 940 gold pieces.
You spent 60 gold pieces at shops.

Inventory:

Hand Weapons
 a - a +1 morningstar of freezing (weapon)
 b - a +0 flail of holy wrath
Missiles
 d - 3 throwing nets
 e - 72 poisoned darts (quivered)
 k - 5 javelins
Armour
 h - a +2 buckler of protection (worn)
 o - a +1 pair of gloves
 t - a +2 helmet (worn)
 x - a +0 chain mail (worn)
 F - a +0 hat of magic resistance
 K - a scarf of repulsion (worn)
 T - the +1 pair of gloves "Joehiyg" (worn) {rElec MR- Str+4 Stlth+}
   (You found it on level 1 of the Lair of Beasts)

   It affects your strength (+4).
   It insulates you from electricity.
   It affects your resistance to hostile enchantments.
   It makes you more stealthy.
Jewellery
 g - a ring of protection from cold (left hand)
 u - a +2 amulet of reflection (around neck)
 H - an uncursed ring of flight
 P - an uncursed ring of ice
 S - a +5 ring of dexterity (right hand)
 U - an uncursed ring of fire
Wands
 w - a wand of iceblast (37)
 y - a wand of digging (5)
 J - a wand of scattershot (4)
 N - a wand of flame (13)
Scrolls
 j - 3 scrolls of enchant weapon
 l - 2 scrolls of enchant armour
 z - 5 scrolls of remove curse
 D - 5 scrolls of fog
 G - 3 scrolls of teleportation
 I - 3 scrolls of amnesia
Potions
 c - a potion of degeneration
 i - 4 potions of mutation
 m - 4 potions of haste
 n - 3 potions of flight
 p - 6 potions of heal wounds
 r - 2 potions of might
 s - 6 potions of curing
 v - 3 potions of lignification
 A - a potion of berserk rage
 B - 2 potions of agility
 C - 4 potions of cancellation
 E - a potion of magic {unknown}
 O - a potion of resistance
Books
 q - a manual of Hexes
Miscellaneous
 L - a lightning rod (4/4)
 M - a box of beasts
 Q - a lamp of fire (inert)
Comestibles
 f - 15 rations


   Skills:
 - Level 9.0 Fighting
 + Level 14.6 Maces & Flails
 - Level 2.1 Throwing
 - Level 8.0 Armour
 - Level 2.1 Dodging
 - Level 2.6 Shields
 - Level 6.1 Invocations
 - Level 2.0 Evocations


You had 12 spell levels left.
You didn't know any spells.
Your spell library was empty.

Dungeon Overview and Level Annotations

Branches:
Dungeon (11/15)            Temple (1/1) D:5            Lair (3/6) D:10
  Snake (0/4) Lair:3          Orc (0/2) D:10        Ossuary (visited)
  Swamp: Lair:2-4    Shoals: Lair:2-4

Altars:
Cheibriados
Elyvilon
Gozag
Hepliaklqana
Kikubaaqudgha
Makhleb
Okawaru
Trog
Uskayaw
Vehumet
Wu Jian
Yredelemnul
The Shining One
Jiyva

Shops:
D:6 !


Innate Abilities, Weirdness & Mutations

You have hooves in place of feet.
Armour fits poorly on your strangely shaped body.
You cover ground very quickly.
You have extremely tough skin. (AC +3)


Message History

A swamp worm comes into view.
There is a stone staircase leading down here.
The swamp worm fires a harpoon shot at you.
The harpoon shot hits you!
* * * LOW HITPOINT WARNING * * *
You are yanked forward by the harpoon shot.
The swamp worm fires a harpoon shot at you.
The harpoon shot misses you.
The swamp worm fires a harpoon shot at you.
The harpoon shot is repelled.
You feel much better.
The swamp worm fires a harpoon shot at you.
The harpoon shot hits you!
* * * LOW HITPOINT WARNING * * *
You are yanked forward by the harpoon shot.
You hit the swamp worm but do no damage.
You kick the swamp worm.
The swamp worm is lightly wounded.
The swamp worm bites you!
You die...

#....##...##..........#
##..###...............#
.P#......#..............#
###.P....#.................#
.#.......#.....(...........#
♣.........P................#
...#........P#.............#
....#.......##ww...........#
............##..@.........##
.†.........###..........P###
..#.....#..............###.#
##.#....#................#.#
####.#####.................#
.....# ..................#
...... ................<##
...#.. ..................#
.###... #................#


You could see 2 swamp worms.

Vanquished Creatures
  Gastronok (D:9)
  Fannar (Lair:3)
  3 hydras
  Erica (D:9)
  Nergalle (Lair:3)
  An unseen horror (D:11)
  3 oklob plants (Lair:2)
  An ugly thing (D:11)
  5 spiny frogs
  A gargoyle (D:11)
  3 rime drakes
  A kobold demonologist (D:8)
  5 komodo dragons
  2 trolls
  4 blink frogs (Lair:2)
  9 hippogriffs
  A wraith (D:11)
  15 yaks
  3 basilisks (Lair:3)
  Grum (D:9)
  3 hungry ghosts
  Menkaure (D:7)
  4 nagas
  2 swamp worms (Lair:3)
  4 water moccasins
  6 porcupines
  An ice beast (D:10)
  2 sky beasts
  A black bear (Lair:1)
  4 orc warriors
  2 phantoms
  6 ogres
  7 wolves
  11 centaurs
  A crocodile (Lair:1)
  Blork the orc (D:4)
  15 big kobolds
  An elf zombie (Ossuary)
  10 bullfrogs
  2 scorpions
  3 troll zombies (D:10)
  4 wights (D:7)
  2 howler monkeys
  3 electric eels (D:10)
  3 bullfrog zombies
  2 crimson imps
  A human zombie (Ossuary)
  A quasit (D:8)
  3 jellies
  7 hounds
  9 orc priests
  3 centaur skeletons
  A gnoll shaman (D:4)
  14 orc wizards
  Jessica (D:3)
  7 iguanas
  7 hell rats
  10 worker ants
  3 ogre zombies (D:10)
  A hound zombie (D:7)
  A hound skeleton (D:8)
  5 mummies
  Robin (D:3)
  3 howler monkey skeletons
  7 gnolls
  11 adders
  2 shadow imps
  An ooze (D:3)
  4 adder skeletons
  An adder zombie (Ossuary)
  7 worms
  4 dart slugs
  9 leopard geckos
  34 orcs
  2 ball pythons (D:2)
  9 bats
  6 giant cockroaches
  15 goblins
  8 hobgoblins
  4 jackals
  4 quokkas
  6 frilled lizards
  2 goblin zombies (D:10)
  A hobgoblin skeleton (D:10)
  A hobgoblin zombie (Ossuary)
  2 jackal zombies (Ossuary)
  18 kobolds
  2 kobold zombies (Ossuary)
  5 orc skeletons (D:10)
  13 orc zombies
  4 rats
  2 rat zombies (Ossuary)
425 creatures vanquished.

Vanquished Creatures (others)
  An orc wizard (D:3)
  4 fungi
  2 plants
  3 toadstools (D:4)
10 creatures vanquished.

Grand Total: 435 creatures vanquished

Notes
Turn   | Place    | Note
-------+----------+-------------------------------------------
     0 | D:1      | Roikka the Centaur Gladiator began the quest for the Orb.
     0 | D:1      | Reached XP level 1. HP: 17/17 MP: 1/1
   136 | D:1      | Reached skill level 3 in Maces & Flails
   213 | D:1      | Reached XP level 2. HP: 17/24 MP: 2/2
   855 | D:2      | Found a faded altar of an unknown god.
   872 | D:2      | Reached XP level 3. HP: 26/30 MP: 3/3
  1062 | D:2      | Found a white marble altar of Elyvilon.
  1161 | D:2      | Became a worshipper of Elyvilon the Healer
  1362 | D:2      | Reached skill level 4 in Maces & Flails
  1405 | D:2      | Reached XP level 4. HP: 30/37 MP: 4/4
  1618 | D:3      | Reached XP level 5. HP: 4/45 MP: 5/5
  1778 | D:3      | Reached * piety under Elyvilon
  2093 | D:3      | Noticed Robin
  2143 | D:3      | Killed Robin
  2192 | D:3      | Reached skill level 5 in Maces & Flails
  2231 | D:3      | Found an ornate altar of the Wu Jian Council.
  2470 | D:3      | Noticed Jessica
  2490 | D:3      | Killed Jessica
  2626 | D:3      | Reached XP level 6. HP: 27/52 MP: 6/6
  3572 | D:4      | Reached skill level 6 in Maces & Flails
  3846 | D:4      | Reached ** piety under Elyvilon
  3909 | D:4      | Found a bloodstained altar of Trog.
  3959 | D:4      | Noticed Blork the orc
  4005 | D:4      | Killed Blork the orc
  4005 | D:4      | Reached XP level 7. HP: 7/60 MP: 7/7
  4442 | D:5      | Entered Level 5 of the Dungeon
  4452 | D:5      | Found a hide-covered altar of Uskayaw.
  4528 | D:5      | Found a staircase to the Ecumenical Temple.
  4533 | Temple   | Entered the Ecumenical Temple
  4539 | Temple   | Fell from the grace of Elyvilon
  4539 | Temple   | Became a worshipper of the Shining One
  4574 | D:4      | HP: 3/60 [orc priest/nerve-wracking pain (8)]
  4947 | D:4      | Reached skill level 5 in Fighting
  5126 | D:5      | Reached skill level 7 in Maces & Flails
  5230 | D:5      | Reached * piety under the Shining One
  5364 | D:5      | Reached XP level 8. HP: 53/70 MP: 8/8
  5645 | D:6      | Found a hazy altar of Hepliaklqana.
  5717 | D:6      | Found an ancient bone altar of Kikubaaqudgha.
  5746 | D:6      | Reached skill level 8 in Maces & Flails
  6045 | D:6      | Found Ikio's Distillery.
  6068 | D:6      | Bought a potion of heal wounds for 60 gold pieces
  6592 | D:7      | Noticed Menkaure
  6597 | D:7      | Killed Menkaure
  6597 | D:7      | Reached skill level 9 in Maces & Flails
  6694 | D:7      | Reached XP level 9. HP: 49/79 MP: 9/9
  6756 | D:7      | Found a sand-covered staircase.
  6765 | Ossuary  | Entered an ossuary
  6765 | Ossuary  | Reached ** piety under the Shining One
  7057 | D:7      | Reached *** piety under the Shining One
  7369 | D:7      | Reached skill level 10 in Maces & Flails
  8383 | D:8      | Reached skill level 1 in Invocations
  8398 | D:8      | Found an iron altar of Okawaru.
  8678 | D:8      | Noticed a kobold demonologist
  8692 | D:8      | Killed a kobold demonologist
  8692 | D:8      | Reached **** piety under the Shining One
  8692 | D:8      | Reached XP level 10. HP: 83/90 MP: 11/11
  8706 | D:8      | Reached skill level 11 in Maces & Flails
  8708 | D:8      | Reached skill level 1 in Armour
  9326 | D:8      | Found a burning altar of Makhleb.
  9327 | D:8      | Found a radiant altar of Vehumet.
  9472 | D:9      | You fall into a shaft and drop 2 floors!
  9590 | D:11     | Noticed a brown ugly thing
  9597 | D:10     | Entered Level 10 of the Dungeon
 10042 | D:10     | Reached skill level 1 in Evocations
 10263 | D:10     | Found a staircase to the Lair.
 10409 | D:10     | Reached ***** piety under the Shining One
 10774 | D:10     | Found a staircase to the Orcish Mines.
 10942 | D:10     | Reached XP level 11. HP: 79/97 MP: 14/14
 10950 | D:10     | Reached skill level 12 in Maces & Flails
 11036 | D:10     | Reached skill level 5 in Invocations
 11064 | D:9      | Noticed Grum
 11076 | D:9      | Killed Grum
 11086 | D:9      | Found an opulent altar of Gozag.
 11730 | D:9      | Noticed Gastronok
 11826 | D:9      | Killed Gastronok
 11826 | D:9      | Reached skill level 1 in Shields
 12104 | D:9      | Noticed Erica
 12110 | D:9      | Killed Erica
 12714 | D:11     | Killed a brown ugly thing
 12811 | D:11     | Noticed an unseen horror
 12811 | D:11     | Reached ****** piety under the Shining One
 12823 | D:11     | Killed an unseen horror
 13258 | Lair:1   | Entered Level 1 of the Lair of Beasts
 13393 | Lair:1   | Got a pair of bloodstained gloves
 13404 | Lair:1   | Identified the +1 pair of gloves "Joehiyg" {rElec MR- Str+4
                  | Stlth+} (You found it on level 1 of the Lair of Beasts)
 13487 | Lair:1   | Reached skill level 13 in Maces & Flails
 13513 | Lair:1   | Reached skill level 5 in Armour
 13726 | Lair:1   | Reached XP level 12. HP: 68/104 MP: 9/16
 16527 | Lair:3   | Noticed Nergalle
 16541 | Lair:3   | Killed Nergalle
 16541 | Lair:3   | Reached skill level 14 in Maces & Flails
 16557 | Lair:3   | Found a staircase to the Snake Pit.
 16633 | Lair:3   | Noticed a seven-headed hydra
 16881 | Lair:2   | Killed a seven-headed hydra
 17538 | Lair:3   | Noticed a six-headed hydra
 17550 | Lair:3   | Killed a six-headed hydra
 17888 | Lair:3   | Noticed Fannar
 18464 | Lair:3   | Killed Fannar
 18464 | Lair:3   | Reached XP level 13. HP: 97/111 MP: 17/17
 18589 | Lair:3   | HP: 2/111 [swamp worm/harpoon shot (11)]
 18602 | Lair:3   | Slain by a swamp worm

Levels and vault maps discovered:
D:1:      lightli_arrival_quake, layout_basic
D:2:      layout_loops_ring, lemuel_crystal_altar,
          chequers_ecumenical_altar_island, first_ration, minmay_pentomino_s2
D:3:      layout_loops_ring, nicolae_overflow_crystal_walls,
          nicolae_overflow_hidden_temple, uniq_jessica, uniq_robin
D:4:      layout_loops_ring, lemuel_doored_altar, minmay_gold_behind_fungi,
          uniq_blork_the_orc
D:5:      layout_basic, eat_drink_and_be_merry_uskayaw, temple_doors_e
D:6:      layout_loops_cross, overflow_temple_1_default, old_standard_altar,
          serial_shops, kennysheep_mini_moat, minmay_manual_mares
D:7:      layout_loops_corners, gup_ossuary_entry_pyramid, uniq_menkaure
D:8:      layout_loops_ring, grunt_temple_overflow_lords_of_destruction,
          okawaru_ov_weapons_minmay, special_room [special_room_kobold]
D:9:      layout_roguey, basic_altar, uniq_grum, uniq_erica, uniq_gastronok
D:10:     layout_roguey, erik_lair_island, zombieorc1_lemuel
D:11:     layout_basic
Temple:   pf_slimified_temple
Lair:1:   layout_gridlike, grunt_megastairs_3, lemuel_fruit_tree
Lair:2:   layout_long_grid, lemuel_fruit_fields, minmay_lair_oklob_chamber,
          grunt_megastairs_1
Lair:3:   beast_lair_carwin_large_2, layout_cave_shapes,
          palyth_hydra_swamp_entry, minmay_snake_entry_guardpost_small,
          uniq_fannar, uniq_nergalle

Skill      XL: |  1  2  3  4  5  6  7  8  9 10 11 12 13 |
---------------+----------------------------------------+-----
Maces & Flails | 3 4 5 6 7 9 10 11 13 14 | 14.6
Fighting       | 3 4 5 7 8 9 |  9.0
Invocations    | 2 4 6 |  6.1
Armour         | 3 5 7 8 |  8.0
Evocations     | 2 |  2.0
Shields        | 2 |  2.6
Throwing       | |  2.1
Dodging        | |  2.1

Action                   |  1- 3 |  4- 6 |  7- 9 | 10-12 | 13-15 || total
-------------------------+-------+-------+-------+-------+-------++-------
Melee: Flail             |   134 |   177 |    12 |    84 |       ||   407
       Kick              |    19 |    52 |    69 |   217 |    10 ||   367
       Morningstar       |       |    16 |   288 |   582 |    21 ||   907
Throw: Javelin           |       |     8 |    19 |     6 |       ||    33
       Dart              |       |    38 |       |    44 |       ||    82
       Throwing net      |       |     1 |       |       |       ||     1
Evoke: Wand              |       |       |       |     3 |       ||     3
       Lamp of fire      |       |       |       |     2 |       ||     2
       Box of beasts     |       |       |       |     1 |       ||     1
       Lightning rod     |       |       |       |     1 |       ||     1
  Use: Scroll            |       |     1 |     9 |    20 |       ||    30
       Potion            |       |       |     1 |       |     1 ||     2
  Eat: Chunk             |     1 |     7 |    10 |    22 |       ||    40
       Ration            |       |       |     2 |     2 |       ||     4
Armor: Ring mail         |    46 |       |       |       |       ||    46
       Leather armour    |     2 |       |       |       |       ||     2
       Scale mail        |    31 |   117 |   175 |   226 |       ||   549
       Skin              |     1 |       |       |       |       ||     1
       Chain mail        |       |       |       |    93 |    10 ||   103
Dodge: Dodged            |    73 |    89 |   118 |   201 |     3 ||   484
       Deflected         |       |       |       |    15 |     1 ||    16
Block: Buckler           |       |       |       |    67 |     9 ||    76
       Reflection        |       |       |       |     1 |     1 ||     2

Table legend:
 A = Non-vault XP
 B = Vault XP
 C = Vault XP percentage of total XP
 D = Non-vault monster count
 E = Vault monster count
 F = Vault count percentage of total count
                 A         B        C        D         E       F
            +---------+---------+-------+---------+---------+-------
      Total |   21114 |   18572 |  46.8 |     300 |     126 |  29.6
            +---------+---------+-------+---------+---------+-------
        D:1 |      27 |       0 |   0.0 |      18 |       0 |   0.0
        D:2 |      98 |       7 |   6.7 |      33 |       2 |   5.7
        D:3 |     212 |      65 |  23.5 |      29 |       9 |  23.7
        D:4 |     315 |     100 |  24.1 |      17 |       1 |   5.6
        D:5 |     668 |       0 |   0.0 |      22 |       0 |   0.0
        D:6 |     703 |     230 |  24.7 |      16 |       2 |  11.1
        D:7 |    1300 |     187 |  12.6 |      27 |       2 |   6.9
        D:8 |    1100 |    1786 |  61.9 |      21 |      20 |  48.8
        D:9 |    1522 |    3617 |  70.4 |      22 |       5 |  18.5
       D:10 |    1794 |    1839 |  50.6 |      22 |      38 |  63.3
       D:11 |    3214 |       0 |   0.0 |      26 |       0 |   0.0
     Lair:1 |    2090 |    1358 |  39.4 |      11 |       7 |  38.9
     Lair:2 |    4821 |    3252 |  40.3 |      18 |       9 |  33.3
     Lair:3 |    3250 |    5906 |  64.5 |      18 |      15 |  45.5
    Ossuary |       0 |     225 | 100.0 |       0 |      16 | 100.0
            +---------+---------+-------+---------+---------+-------
